 Dungeon Crawl Stone Soup version 0.30-a0-711-gf4ac18a38d (webtiles) character file.

Game seed: 14033464877141829851

143 wormed the Firebug (level 5, 0/38 HPs)
             Began as a Demonspawn Fire Elementalist on Jan 22, 2023.
             Slain by a hobgoblin (2 damage)
             ... on level 4 of the Dungeon.
             The game lasted 00:03:48 (2793 turns).

wormed the Firebug (Demonspawn Fire Elementalist)   Turns: 2793, Time: 00:03:49

Health: 0/38       AC:  3    Str:  8    XL:     5   Next: 4%
Magic:  3/9        EV: 12    Int: 18    God:
Gold:   106        SH:  0    Dex: 14    Spells: 3/9 levels left

rFire   . . .      SeeInvis .    b - +0 dagger
rCold   . . .      Faith    .    (no shield)
rNeg    . . .      Spirit   .    a - +0 robe
rPois   .          Reflect  .    (helmet unavailable)
rElec   .          Harm     .    (no cloak)
rCorr   .          Rampage  .    r - +0 pair of gloves
Will    .....                    (no boots)
Stlth   ++                       (no amulet)
HPRegen 0.26/turn                (no ring)
MPRegen 0.11/turn                (no ring)

@: no status effects
A: horns 3, demonic magic 1
a: no special abilities


You were on level 4 of the Dungeon.
You visited 1 branch of the dungeon, and saw 5 of its levels.

You collected 106 gold pieces.

Inventory:

Hand Weapons
 b - a +0 dagger (weapon)
Armour
 a - a +0 robe (worn)
 r - a +0 pair of gloves (worn)
Jewellery
 c - a ring of ice
Scrolls
 g - 3 scrolls of teleportation {unknown}
 h - 4 scrolls of enchant weapon {unknown}
 i - a scroll of amnesia {unknown}
 j - 2 scrolls of fear {unknown}
 m - 2 scrolls of enchant armour {unknown}
 n - a scroll of magic mapping {unknown}
 o - a scroll of vulnerability {unknown}
 q - a scroll of identify {unknown}
Potions
 d - a potion of degeneration {unknown}
 e - 4 potions of flight {unknown}
 f - a potion of curing {unknown}
 k - a potion of heal wounds {unknown}
 l - a potion of haste {unknown}
 p - 2 potions of attraction {unknown}


   Skills:
 + Level 1.7 Fighting
 + Level 2.4 Dodging
 + Level 2.5 Stealth
 + Level 2.7 Spellcasting
 + Level 2.1 Conjurations
 + Level 3.2 Fire Magic


You had 3 spell levels left.
You knew the following spells:

 Your Spells              Type           Power      Damage    Failure   Level
a - Foxfire               Conj/Fire      48%        2x1d6     5%          1
b - Scorch                Fire           26%        2d6       7%          2
c - Inner Flame           Hex/Fire       8%         N/A       26%         3

Your spell library contained the following spells:

 Spells                   Type           Power      Damage    Failure   Level
 Apportation              Tloc           4%         N/A       17%         1
 Lesser Beckoning         Tloc           4%         N/A       26%         2
 Sublimation of Blood     Necr           2%         N/A       26%         2
 Wereblood                Tmut           2%         N/A       26%         2
 Kindle Blastsparks       Fire/Tloc/Air  12%        2d11      32%         3
 Gell's Gravitas          Tloc           2%         N/A       45%         3
 Teleport Other           Tloc           2%         N/A       45%         3
 Flame Wave               Conj/Fire      12%        2d6       50%         4
 Alistair's Intoxication  Tmut/Pois      1%         N/A       99%         5
 Summon Hydra             Summ           1%         N/A       100%        7


Dungeon Overview and Level Annotations

Branches:
Dungeon (5/15)
 Temple: D:4-7

Altars:

Shops:
D:1 [

Annotations:
D:4 3 runed translucent doors, avis's ghost, amateur DgHu; bande's ghost, amateur HOFi; flotson's ghost, weakling DsDe; olddryhag's ghost, amateur DrTm; yumyumyeen's ghost, amateur DsGl


Innate Abilities, Weirdness & Mutations

You have a pair of large horns on your head.
Spells you cast may paralyse adjacent enemies.


Message History

The ogre attacks as you move away! The ogre misses you.
You feel sick.
The foxfire hits the ogre.
The ogre is lightly wounded.
Avis's ghost grins evilly.
Casting: Foxfire (safe; 6% risk of failure)
Confirm with . or Enter, or press ? or * to list all spells.
You conjure some foxfire!
Malevolent energies surge around you.
The ogre suddenly stops moving!
You feel sick. The adder misses you.
Your foxfire dissipates!
You feel sick.
The foxfire hits the ogre.
The ogre is moderately wounded.
The adder barely misses you.
Casting: Foxfire (safe; 6% risk of failure)
Confirm with . or Enter, or press ? or * to list all spells.
You conjure some foxfire!
Malevolent energies surge around you.
The adder suddenly stops moving!
You feel sick.
Your foxfire dissipates!
The hobgoblin attacks as you move away! The hobgoblin closely misses you.
You feel sick.
You are no longer poisoned.
The foxfire hits the hobgoblin but does no damage.
Casting: Foxfire (safe; 6% risk of failure)
Confirm with . or Enter, or press ? or * to list all spells.
You conjure some foxfire!
Malevolent energies surge around you.
The ogre is no longer paralysed.
The adder is no longer paralysed.
The foxfire hits the adder.
You kill the adder!
The hobgoblin hits you.
* * * LOW HITPOINT WARNING * * *
You have reached level 5!
Your demonic ancestry asserts itself...
The horns on your head grow some more.
The foxfire hits the hobgoblin.
The hobgoblin is almost dead.
Yumyumyeen's ghost says with laughter: "And yet I knew I would end up like that..."
Casting: Foxfire (safe; 5% risk of failure)
Confirm with . or Enter, or press ? or * to list all spells.
You conjure some foxfire!
Malevolent energies surge around you. The hobgoblin hits you.
You die...

#.....######+##.....
#......#......# #......#......#
######.....'......#
#...##....##......#
#...#########'###.# ##
#.........##...##.##+#########..
#...............vv†..†...........
#...............@gO..............
#...........####+++####..........
#...##....###...WWW..(#..........
#...####### #8...WW..8#......(...
#...#.....# #!.......$#.O........
#...#.....# #).......$#..........
#...#.....####8.....8####g####..
#...##....##'##[[8.!#####.####+##
#...##....##..#### #.........g..


You could see an ogre (ally target), avis's ghost, bande's ghost, flotson's
ghost, olddryhag's ghost, yumyumyeen's ghost and a hobgoblin (ally target).

Vanquished Creatures
  An orc priest (D:2)
  An iguana (D:4)
  3 adders
  2 dart slugs
  3 orcs (D:2)
  7 ball pythons
  3 bats
  3 endoplasms
  3 giant cockroaches
  5 hobgoblins
  3 jackals (D:1)
  2 quokkas
  2 frilled lizards
  3 goblins
  7 kobolds
  3 rats
51 creatures vanquished.

Vanquished Creatures (others)
  102 foxfires
102 creatures vanquished.

Grand Total: 153 creatures vanquished

Notes
Turn   | Place    | Note
-------+----------+-------------------------------------------
     0 | D:1      | wormed the Demonspawn Fire Elementalist began the quest for
                  | the Orb.
     0 | D:1      | Reached XP level 1. HP: 13/13 MP: 3/3
   230 | D:1      | Gained mutation: You have a pair of small horns on your
                  | head. [demonic ancestry]
   230 | D:1      | Reached XP level 2. HP: 20/20 MP: 3/5
   299 | D:1      | Found a faded altar of an unknown god.
   625 | D:1      | Reached skill level 1 in Fighting
   641 | D:1      | Found Tepedduk's Armour Emporium.
   858 | D:2      | Gained mutation: Spells you cast may paralyse adjacent
                  | enemies. [demonic ancestry]
   858 | D:2      | Reached XP level 3. HP: 26/26 MP: 2/6
  1133 | D:2      | Reached skill level 3 in Fire Magic
  1133 | D:2      | Gained mutation: You have a pair of horns on your head.
                  | [demonic ancestry]
  1133 | D:2      | Reached XP level 4. HP: 16/32 MP: 3/7
  1478 | D:3      | Learned a level 2 spell: Scorch
  1482 | D:3      | Learned a level 3 spell: Inner Flame
  1776 | D:3      | You fall into a shaft and drop 2 floors!
  1776 | D:5      | Entered Level 5 of the Dungeon
  2597 | D:4      | Found a runed translucent gate.
  2597 | D:4      | Found a runed translucent gate.
  2597 | D:4      | Noticed bande's ghost (amateur HOFi)
  2598 | D:4      | Found a runed translucent gate.
  2598 | D:4      | Noticed olddryhag's ghost (amateur DrTm)
  2599 | D:4      | Noticed avis's ghost (amateur DgHu)
  2599 | D:4      | Noticed yumyumyeen's ghost (amateur DsGl)
  2599 | D:4      | Noticed flotson's ghost (weakling DsDe)
  2744 | D:4      | Noticed an ogre
  2791 | D:4      | HP: 1/33 [hobgoblin (2)]
  2792 | D:4      | Gained mutation: You have a pair of large horns on your
                  | head. [demonic ancestry]
  2792 | D:4      | Reached XP level 5. HP: 2/38 MP: 4/9
  2793 | D:4      | Slain by a hobgoblin

Illustrated notes

Levels and vault maps discovered:
D:1:      dpeg_arrival_water_temple_mockup, layout_rooms,
          basic_ecumenical_altar, serial_shops, nicolae_shop_trees
D:2:      layout_basic, minmay_pentomino_pile
D:3:      layout_basic
D:4:      layout_gridville, nicolae_sif_muna_condensation,
          gammafunk_ghost_cemetery, nrook_mini_backslash,
          minmay_misc_feat_diagonals
D:5:      layout_loops_cross, minmay_temple_entry_poolview, serial_shops,
          nicolae_take_the_stairs, minmay_misc_feat_encased, minivault_1,
          grunt_ministairs_9, hangedman_abyss_or_decor_slice

Skill      XL: |  1  2  3  4 |
---------------+-------------+-----
Stealth        | 2 |  2.5
Dodging        | 2 |  2.4
Fighting       | 1 |  1.7
Fire Magic     | 3 |  3.2
Conjurations   | 2 |  2.1
Spellcasting   | |  2.7

Action                     |  1- 3 |  4- 6 || total
---------------------------+-------+-------++-------
  Melee: Unarmed           |     1 |       ||     1
         Dagger            |    13 |    15 ||    28
         Headbutt          |     2 |     4 ||     6
   Cast: Foxfire           |    46 |    15 ||    61
         Scorch            |       |    10 ||    10
    Use: Potion            |     1 |       ||     1
   Stab: Paralysed         |     6 |     8 ||    14
         Sleeping          |     1 |     3 ||     4
 Armour: Robe              |     7 |     8 ||    15
  Dodge: Dodged            |    16 |    20 ||    36

Table legend: (Time is in decaauts)
 A = Elapsed time spent in this place.
 B = Non-inter-level travel time spent in this place.
 C = Inter-level travel time spent in this place.
 D = Time resting spent in this place.
 E = Time spent auto-exploring this place.
 F = Levels seen in this place.
 G = Mean time per level.
                   A        B        C        D        E       F      G
               +--------+--------+--------+--------+--------+-----+--------+
         Total |   2791 |   2697 |     94 |      0 |   2309 |   5 |  558.2 |
       Dungeon |   2791 |   2697 |     94 |      0 |   2309 |   5 |  558.2 |
               +--------+--------+--------+--------+--------+-----+--------+

Top non-repeatable levels by time:
     D:3: 999 daAuts
     D:2: 783 daAuts
     D:1: 689 daAuts
     D:4: 302 daAuts
     D:5: 15 daAuts
